 Dungeon Crawl Stone Soup version 0.25.1-2-g60ff931df9 (webtiles) character file.

Game seed: 1511307203935501346

5229 hawla the Carver (level 10, 0/90 HPs)
             Began as a Minotaur Berserker on Oct 26, 2020.
             Was a High Priest of Trog.
             Shot with an arrow by a centaur (7 damage)
             ... on level 9 of the Dungeon.
             The game lasted 00:33:31 (12035 turns).

hawla the Carver (Minotaur Berserker)              Turns: 12035, Time: 00:33:31

Health: 0/90       AC: 13    Str: 26    XL:     10   Next: 35%
Magic:  9/9        EV: 12    Int:  4    God:    Trog [*****.]
Gold:   258        SH:  0    Dex: 11    Spells: 9/9 levels left

rFire    . . .     SeeInvis .   z - +2 falchion (protect)
rCold    . . .     Gourm    .   (no shield)
rNeg     . . .     Faith    .   B - +0 chain mail
rPois    .         Spirit   .   d - +1 hat {MR+}
rElec    .         Reflect  .   (no cloak)
rCorr    .         Harm     .   o - +0 pair of gloves
MR       ++...     Rnd*Rage +   (no boots)
Stlth    ..........             (no amulet)
HPRegen  0.25/turn              b - ring of protection from magic
MPRegen  0.11/turn              (no ring)

@: about to teleport
A: retaliatory headbutt, horns 2, thin skeletal structure 1, berserk 1
a: Berserk, Trog's Hand, Brothers in Arms, Renounce Religion


You were on level 9 of the Dungeon.
You worshipped Trog.
Trog was extremely pleased with you.
You were not hungry.

You visited 2 branches of the dungeon, and saw 10 of its levels.
You also visited: Sewer and Bailey.

You collected 343 gold pieces.
You spent 85 gold pieces at shops.

Inventory:

Hand Weapons
 a - a +1 dagger of draining
 z - a +2 falchion of protection (weapon)
 H - a +3 scimitar of flaming
Missiles
 f - 47 poisoned darts (quivered)
 g - 81 boomerangs
Armour
 d - a +1 hat of magic resistance (worn)
 n - a +0 plate armour
 o - a +0 pair of gloves (worn)
 B - a +0 chain mail (worn)
 C - a +2 robe of fire resistance
Jewellery
 b - a ring of protection from magic (left hand)
Wands
 w - a wand of flame (26)
Scrolls
 e - 4 scrolls of fog
 m - 2 scrolls of fear
 r - 2 scrolls of magic mapping
 u - 6 scrolls of remove curse
 y - 2 scrolls of teleportation
 F - 2 scrolls of enchant weapon
Potions
 j - 3 potions of ambrosia
 l - 2 potions of mutation
 p - 2 potions of curing
 q - 5 potions of might
 s - a potion of berserk rage
 t - 4 potions of degeneration {unknown}
 v - 4 potions of magic
 x - a potion of stabbing
 D - a potion of flight {unknown}
Comestibles
 c - 18 rations


   Skills:
 + Level 8.6 Fighting
 + Level 5.7(8.5) Short Blades
 + Level 10.5(11.2) Long Blades
 + Level 2.6 Throwing
 + Level 8.6 Armour
 + Level 7.4 Dodging


You had 9 spell levels left.
You didn't know any spells.
Your spell library was empty.

Dungeon Overview and Level Annotations

Branches:
Dungeon (9/15)             Temple (1/1) D:5           Sewer (visited)
 Bailey (visited)
   Lair: D:8-11         Orc: D:9-12

Altars:
Cheibriados
Dithmenos
Gozag
Hepliaklqana
Kikubaaqudgha
Makhleb
Nemelex Xobeh
Okawaru
Qazlal
Ru
Sif Muna
Trog
Uskayaw
Wu Jian
Xom
Yredelemnul
Zin
The Shining One

Shops:
D:4 }   D:8 ?

Annotations:
D:6 exclusion: oklob plant


Innate Abilities, Weirdness & Mutations

You reflexively headbutt those who attack you in melee.
You have a pair of horns on your head.
You have a somewhat thin skeletal structure. (Dex +2, Stealth)
You tend to lose your temper in combat.


Message History

The centaur zombie barely misses you.
An orc comes into view.
An orc comes into view. It is wielding a +0 hand axe.
As you read the scroll of teleportation, it crumbles to dust.
You feel strangely unstable.
The orc shouts! x2; You hear a shout!
The centaur zombie barely misses you.
You riposte.
You hit the centaur zombie.
Your weapon exudes an aura of protection.
The centaur zombie is lightly damaged.
The centaur zombie hits you.
* * * LOW HITPOINT WARNING * * *
Your surroundings suddenly seem different.
A hornet zombie comes into view.
A centaur comes into view.
Found a ration.
As you read the scroll of teleportation, it crumbles to dust.
You feel strangely unstable.
The slime creature seems to regain its courage.
The centaur wields a +0 shortbow.
The centaur shoots an arrow.
The arrow hits you!
You die...

.... #...# .... +...+ #.
.....#...# #.
.....#...###### #.
..............J... #.
.......c......=.... ###.
..................# #...
.......@..........# #...
..................# #...
................oo# #...
....Z.............###'##
.......................#
.................Z.....#
........J....?.........#
......%...........###...
...!......# ####


You could see 2 slime creatures, a centaur and a hornet zombie.

Vanquished Creatures
  Erica (D:8)
  A troll (D:8)
  A hippogriff (D:8)
  A spriggan (D:8)
  A wyvern (D:7)
  3 orc warriors
  An ice beast (D:7)
  2 ogres
  An eye of draining (D:7)
  A centaur (D:8)
  2 big kobolds (Sewer)
  6 bullfrogs
  3 scorpions
  15 killer bees
  12 wights
  An electric eel (D:8)
  6 crimson imps
  A hound (D:6)
  2 jellies
  A bullfrog skeleton (D:5)
  2 centaur zombies (D:6)
  2 orc priests
  An iguana (D:4)
  7 orc wizards
  2 worker ants
  2 hound skeletons
  20 gnolls
  16 adders
  2 shadow imps
  8 oozes
  An adder skeleton (D:6)
  An adder zombie (D:8)
  8 worms
  2 dart slugs
  8 leopard geckos
  21 orcs
  7 giant cockroaches
  12 goblins
  20 hobgoblins
  7 jackals
  3 quokkas
  4 ball pythons
  7 bats
  7 frilled lizards
  23 kobolds
  A leopard gecko skeleton (D:4)
  16 rats
272 creatures vanquished.

Vanquished Creatures (others)
  An orc (D:8)
1 creature vanquished.

Grand Total: 273 creatures vanquished

Notes
Turn   | Place    | Note
-------+----------+-------------------------------------------
     0 | D:1      | hawla the Minotaur Berserker began the quest for the Orb.
     0 | D:1      | Reached XP level 1. HP: 19/19 MP: 0/0
   339 | D:1      | Reached XP level 2. HP: 27/27 MP: 1/1
   697 | D:1      | Reached skill level 4 in Long Blades
  1121 | D:2      | Reached ** piety under Trog
  1121 | D:2      | Reached XP level 3. HP: 34/34 MP: 2/2
  1713 | D:2      | Reached XP level 4. HP: 41/41 MP: 3/3
  2004 | D:3      | Found a glowing drain.
  2064 | Sewer    | Entered a sewer
  2094 | Sewer    | Reached skill level 5 in Long Blades
  2152 | Sewer    | Reached *** piety under Trog
  2335 | Sewer    | Reached XP level 5. HP: 45/47 MP: 4/4
  2378 | Sewer    | Reached skill level 5 in Fighting
  2883 | Sewer    | Reached skill level 6 in Long Blades
  2972 | Sewer    | Reached XP level 6. HP: 37/56 MP: 5/5
  3827 | D:3      | Reached **** piety under Trog
  3975 | D:3      | Found a faded altar of an unknown god.
  4148 | D:4      | Reached skill level 1 in Short Blades
  4148 | D:4      | Reached skill level 7 in Long Blades
  4217 | D:4      | Reached XP level 7. HP: 27/62 MP: 6/6
  4609 | D:4      | Found Nusijy's Gadget Emporium.
  4617 | D:4      | Bought a wand of flame (15) for 85 gold pieces
  4806 | D:5      | Entered Level 5 of the Dungeon
  5166 | D:5      | Found a staircase to the Ecumenical Temple.
  5174 | Temple   | Entered the Ecumenical Temple
  6012 | D:6      | Found an opulent altar of Gozag.
  6012 | D:6      | Found a stormy altar of Qazlal.
  6014 | D:6      | Found a hide-covered altar of Uskayaw.
  6044 | D:6      | You fall into a shaft and drop 2 floors!
  6076 | D:7      | Reached skill level 5 in Dodging
  6148 | D:7      | Reached XP level 8. HP: 54/70 MP: 7/7
  6263 | D:7      | Found a flagged portal.
  6286 | Bailey   | Entered a bailey
  6643 | Bailey   | Reached skill level 8 in Long Blades
  6803 | Bailey   | Reached skill level 1 in Throwing
  6834 | Bailey   | Reached ***** piety under Trog
  7380 | D:7      | Reached skill level 5 in Armour
  7571 | D:7      | Found a basalt altar of Yredelemnul.
  8223 | D:6      | Noticed an oklob plant
  8462 | D:6      | Reached XP level 9. HP: 69/78 MP: 8/8
  8607 | D:6      | Reached skill level 9 in Long Blades
  9056 | D:8      | Received a gift from Trog
  9164 | D:7      | Reached skill level 5 in Short Blades
  9970 | D:8      | Noticed a troll
 10063 | D:8      | Killed a troll
 10461 | D:8      | Noticed Erica
 10470 | D:8      | Killed Erica
 10470 | D:8      | Reached skill level 10 in Long Blades
 10470 | D:8      | Reached XP level 10. HP: 47/88 MP: 9/9
 10733 | D:8      | Found Ydog's Magic Scroll Boutique.
 11121 | D:8      | Found a shimmering altar of Xom.
 11121 | D:8      | Found a burning altar of Makhleb.
 11241 | D:8      | Gained mutation: You tend to lose your temper in combat.
                  | [potion of mutation]
 11241 | D:8      | Gained mutation: You have a somewhat thin skeletal
                  | structure. (Dex +2, Stealth) [potion of mutation]
 11570 | D:8      | Found an ancient bone altar of Kikubaaqudgha.
 11574 | D:8      | Found a shadowy altar of Dithmenos.
 11580 | D:8      | Found a sacrificial altar of Ru.
 11584 | D:8      | Found a hazy altar of Hepliaklqana.
 11591 | D:8      | Found a glowing silver altar of Zin.
 11622 | D:8      | Found a glowing golden altar of the Shining One.
 11633 | D:8      | Found an iron altar of Okawaru.
 11962 | D:9      | Identified a scroll of acquirement
 11962 | D:9      | Acquired a +0 hat of magic resistance
 12027 | D:9      | HP: 3/90 [slime creature (9)]
 12035 | D:9      | Shot with an arrow by a centaur

Illustrated notes

Levels and vault maps discovered:
D:1:      giann_bridges, layout_basic
D:2:      layout_basic, grunt_decor_arrowhead, grunt_ministairs_9,
          minmay_heptomino_o4
D:3:      layout_rooms, gup_sewer_entry_glass,
          chequers_ecumenical_altar_simple_redux, kennysheep_decorative_pillar,
          guppyfry_early_lair_pool
D:4:      layout_cave_pools, serial_shops, nicolae_shop_crystal,
          minmay_misc_feat_cross
D:5:      layout_basic, temple_green, first_ration
D:6:      layout_loops_ring, grunt_temple_overflow_open, lemuel_oklob_altar
D:7:      layout_gridville, kennysheep_little_box, enter_bailey_3,
          kennysheep_generic_room_8
D:8:      layout_basic, grunt_temple_overflow_champion_of_chaos,
          grunt_temple_overflow_octagram, serial_shops, nicolae_shop_trees,
          the_bakery, uniq_erica
D:9:      layout_basic, erik_lair_island
Temple:   compressed_dpeg_triangle_lava_temple

Skill      XL: |  1  2  3  4  5  6  7  8  9 |
---------------+----------------------------+-----
Fighting       | 4 5 6 8 |  8.6
Long Blades    | 4 5 6 7 8 10 | 10.5
Dodging        | 3 4 5 7 |  7.4
Short Blades   | 1 2 4 5 |  5.7
Armour         | 4 5 8 |  8.6
Throwing       | 2 |  2.6

Action                   |  1- 3 |  4- 6 |  7- 9 | 10-12 || total
-------------------------+-------+-------+-------+-------++-------
Melee: Falchion          |    92 |   164 |   137 |    37 ||   430
       Headbutt          |    13 |    40 |    89 |    21 ||   163
       Dagger            |       |   109 |   274 |    43 ||   426
       Scimitar          |       |       |    19 |    20 ||    39
Throw: Dart              |       |     3 |    18 |       ||    21
  Use: Scroll            |     7 |     5 |     7 |     7 ||    26
       Potion            |       |       |    10 |     5 ||    15
  Eat: Chunk             |     3 |     8 |    17 |     2 ||    30
       Ration            |       |       |     1 |     1 ||     2
Armor: Animal skin       |    23 |    23 |       |       ||    46
       Leather armour    |       |     8 |     2 |       ||    10
       Ring mail         |       |       |   109 |       ||   109
       Skin              |       |       |     8 |       ||     8
       Scale mail        |       |       |    60 |    27 ||    87
       Chain mail        |       |       |       |    12 ||    12
Dodge: Dodged            |    76 |   136 |   309 |    94 ||   615
       Rpst.: Falchion   |    13 |    26 |    21 |     6 ||    66
       Scimitar          |       |       |     6 |     5 ||    11
